[Event "Early-Titled-Tuesday-Blitz-February-06-2024"]
[Site "Chess.com"]
[Date "2024.02.06"]
[Round "8"]
[White "DavidGavrilescu18"]
[Black "soloderisas"]
[Result "1-0"]
[WhiteElo "2778"]
[BlackElo "2539"]
[TimeControl "180+1"]
[EndTime "9:28:02 PST"]
[Termination "DavidGavrilescu18 won by resignation"]

1. e4 e5 2. Bc4 Nc6 3. Nc3 Nf6 4. d3 Bc5 5. f4 d6 6. Nf3 Bg4 7. Na4 Nd4 8. Nxc5 dxc5 9. O-O Bxf3 10. gxf3 exf4 11.
Bxf4 Nh5 12. Be3 Qh4 13. c3 Nc6 14. f4 f5 15. exf5 O-O-O 16. Qf3 Kb8 17. Bxc5 g6 18. f6 g5 19. Bf2 Qxf4 20. Qxh5 Ka8 21. Qh3 g4 22. Qg3 Qg5 23. Be3 Qg6 24. f7 h5 25.
Qxc7 h4 26. Qxd8+ Nxd8 27. f8=Q Rxf8 28. Rxf8 b5 29. Rxd8+ Kb7 30. Bxb5 g3 31. Rf1 gxh2+ 32. Kh1 h3 33. Rf7+ Qxf7 34. Rd7+ Qxd7 35. Bxd7 a5 36. Bxh3 1-0

[Event "Early-Titled-Tuesday-Blitz-February-06-2024"]
[Site "Chess.com"]
[Date "2024.02.06"]
[Round "8"]
[White "PawnEatingZombie"]
[Black "AlexandraSamaganova"]
[Result "0-1"]
[WhiteElo "2200"]
[BlackElo "2361"]
[TimeControl "180+1"]
[EndTime "9:28:02 PST"]
[Termination "AlexandraSamaganova won on time"]

1. e4 c5 2. c3 Nf6 3. e5 Nd5 4. Nf3 Nc6 5. Bc4 e6 6. O-O Nb6 7. Bb3 d5 8. exd6 Bxd6 9. d4 cxd4 10. cxd4 O-O 11. Nc3 Nb4 12. a3 N4d5 13. Qd3 a6 14. Bc2 g6 15. Bh6 Re8 16. Ne4 Be7 17. Rfe1 Bd7 18. Rad1 Bb5 19. Qd2 Nc4 20. Qc1 Rc8 21.
Qb1 Qc7 22. Bb3 Ncb6 23. Ne5 Ba4 24. Bxa4 Nxa4 25. Rd2 Qb6 26. Nd7 Qb3 27. Bg5 Kg7 28. Bxe7 Rxe7 29. Ne5 f6 30. Ng4 h5 31. Ne3 Nab6 32.
Nxd5 Nxd5 0-1

[Event "Early-Titled-Tuesday-Blitz-February-06-2024"]
[Site "Chess.com"]
[Date "2024.02.06"]
[Round "8"]
[White "Arteler"]
[Black "jlmanzanares"]
[Result "0-1"]
[WhiteElo "2510"]
[BlackElo "2041"]
[TimeControl "180+1"]
[EndTime "9:28:02 PST"]
[Termination "jlmanzanares won by checkmate"]

1. Nf3 Nf6 2. c4 e6 3. Nc3 Be7 4. d4 d5 5. cxd5 exd5 6. Bg5 c6 7. e3 O-O 8. Bd3 Nbd7 9. Qc2 h6 10. Bh4 Re8 11. O-O Nf8 12. h3 Ne6 13. Rac1 Kh8 14. a3 g5 15. Bg3 Bd6 16. Ne5 Rf8 17. Be2 Bd7 18. Nxf7+ Rxf7 19. Bxd6 Qg8 20. Be5 Raf8 21. Bh5 Rg7 22. Be2 Rg6 23. Na4 b6 24. Bd3 Rg7 25. Bf5 Be8 26. Bxe6 Qxe6 27. Nc3 Bg6 28. Qa4 Kh7 29.
Rfd1 g4 30. hxg4 Qxg4 31. Qxc6 Be4 32. Nxe4 Qxg2# 0-1

[Event "Early-Titled-Tuesday-Blitz-February-06-2024"]
[Site "Chess.com"]
[Date "2024.02.06"]
[Round "8"]
[White "Shushik"]
[Black "ViralduS"]
[Result "0-1"]
[WhiteElo "2531"]
[BlackElo "2725"]
[TimeControl "180+1"]
[EndTime "9:28:03 PST"]
[Termination "ViralduS won by checkmate"]

1. e4 c5 2. Ne2 Nc6 3. g3 g6 4. Bg2 Bg7 5. c3 e5 6. O-O Nge7 7. Na3 O-O 8. d3 d5 9. Qc2 h6 10. Be3 d4 11. Bd2 Be6 12. f4 exf4 13. Nxf4 Qd7 14. Nxe6 Qxe6 15. Rae1 Ne5 16. c4 Ng4 17.
Bh3 h5 18. Bg5 Nc6 19. Nb1 Nce5 20. Nd2 Qd6 21. Nf3 Ne3 22. Bxe3 dxe3 23. Rxe3 Rad8 24. Nxe5 Bxe5 25. Kh1 Kg7 26. Ref3 f6 27. Qe2 Rh8 28. b3 h4 29. g4 g5 30. Rd1 a6 31. Rf5 b5 32. Qe3 Rhe8 33. Bf1 bxc4 34. bxc4 Rb8 35. Be2 Rb2 36. Rdf1 Bf4 37. R1xf4 gxf4 38. Rxf4 Rxe2 39.
Qf3 R8xe4 40. Rxe4 Qxh2# 0-1

[Event "Early-Titled-Tuesday-Blitz-February-06-2024"]
[Site "Chess.com"]
[Date "2024.02.06"]
[Round "8"]
[White "Orphanator2009"]
[Black "erugee"]
[Result "1-0"]
[WhiteElo "2451"]
[BlackElo "2328"]
[TimeControl "180+1"]
[EndTime "9:28:04 PST"]
[Termination "Orphanator2009 won by resignation"]

1. e4 e5 2. Nf3 Nc6 3. Bb5 f5 4. d3 fxe4 5. dxe4 Nf6 6. Nc3 Bb4 7. Bd2 Bxc3 8. Bxc3 d6 9. Nd2 O-O 10. O-O Qe8 11.
Bc4+ Kh8 12. f3 Qg6 13. Re1 Nh5 14. Nf1 Nd8 15. Ne3 Ne6 16. Nd5 Nef4 17. Qd2 Bh3 18. Nxf4 Nxf4 19. Bf1 Rf6 20. Kh1 Be6 21. g3 Nh5 22. f4 exf4 23. Bxf6 Qxf6 24. Qe2 g6 25. e5 Bd5+ 26. Bg2 Bxg2+ 27. Kxg2 dxe5 28. Qxe5 fxg3 29.
hxg3 Rf8 30. Qxf6+ Rxf6 31. Rf1 Rc6 32. c3 Kg7 33. Rae1 Kh6 34. Re7 Ng7 35. Rff7 Nf5 36. Rxh7+ Kg5 37. Rxc7 Ne3+ 38. Kf3 Nd5 39. Rxc6 bxc6 40.
Rxa7 Kf5 41. Ra5 Ke6 42. Rxd5 Kxd5 43. Ke3 Kc4 44. Kd2 c5 45. b3+ Kb5 46. Kd3 Kc6 47.
Kc4 g5 48. b4 cxb4 49. cxb4 1-0

[Event "Early-Titled-Tuesday-Blitz-February-06-2024"]
[Site "Chess.com"]
[Date "2024.02.06"]
[Round "8"]
[White "carloseduar100"]
[Black "Attacker_2006"]
[Result "1-0"]
[WhiteElo "2333"]
[BlackElo "2478"]
[TimeControl "180+1"]
[EndTime "9:28:05 PST"]
[Termination "carloseduar100 won by resignation"]

1. g3 e5 2. Bg2 d5 3. b4 Bxb4 4. c4 Bc5 5. cxd5 Nf6 6. Nc3 O-O 7. e3 Nbd7 8. Nge2 Re8 9. O-O Nb6 10.
e4 c6 11. dxc6 bxc6 12. a4 Ba6 13. Ba3 Bxa3 14. Rxa3 Nc4 15. Ra2 Qa5 16. d4 Rad8 17. d5 cxd5 18. Nxd5 Nxd5 19. exd5 Bb7 20. Qd3 Nb6 21.
d6 Bxg2 22. Kxg2 Nd5 23. Qb5 Qxb5 24. axb5 Rxd6 25. Rxa7 Rb6 26. Rb1 f6 27. Rd7 Ne7 28. Nc3 Nf5 29. Nd5 Rbb8 30. b6 Kf8 31. b7 Nd4 32. Nc7 Re7 33. Na6 Ree8 34. Nxb8 Rxb8 35. Rc1 1-0

[Event "Early-Titled-Tuesday-Blitz-February-06-2024"]
[Site "Chess.com"]
[Date "2024.02.06"]
[Round "8"]
[White "Mistango"]
[Black "Korchmar_Vasiliy"]
[Result "0-1"]
[WhiteElo "2483"]
[BlackElo "2714"]
[TimeControl "180+1"]
[EndTime "9:28:06 PST"]
[Termination "Korchmar_Vasiliy won by checkmate"]

1. e4 c5 2. d4 cxd4 3. c3 dxc3 4.
Nxc3 Nc6 5. Nf3 d6 6. Bc4 e6 7.
O-O Nf6 8. Qe2 Be7 9. Rd1 e5 10. Bg5 O-O 11. Nb5 Ne8 12. Bxe7 Qxe7 13. Qd3 Be6 14.
Bxe6 fxe6 15. Qa3 Rd8 16. Nxa7 Nxa7 17. Qxa7 Nf6 18. Qa4 Nh5 19. Qb3 Rf4 20. Re1 Rdf8 21. Re3 R4f6 22. Rf1 Qf7 23. Qd1 Rd8 24. g3 Rf8 25.
Kg2 Qg6 26. Nh4 Qg5 27. Kg1 Rxf2 28. Rxf2 Qxe3 29. Qe2 Qc1+ 30. Kg2 Rxf2+ 31. Kxf2 Nf6 32. Nf3 Qb1 33. Ng5 Qxa2 34. Qb5 h6 35. Nf3 Nxe4+ 36.
Kg2 Qd5 37. Qe8+ Kh7 38. Kh3 Nf6 39. Qf7 Qxf3 40. Qxe6 Qf1+ 41. Kh4 g5# 0-1

[Event "Early-Titled-Tuesday-Blitz-February-06-2024"]
[Site "Chess.com"]
[Date "2024.02.06"]
[Round "8"]
[White "Natalya_Buksa"]
[Black "Jumbo"]
[Result "0-1"]
[WhiteElo "2576"]
[BlackElo "2842"]
[TimeControl "180+1"]
[EndTime "9:28:07 PST"]
[Termination "Jumbo won by resignation"]

1. d4 Nf6 2. Nc3 d5 3. Bf4 g6 4. e3 Bg7 5. h4 h5 6. Nf3 O-O 7. Be2 c5 8. Ne5 Nc6 9. dxc5 Qa5 10. O-O Qxc5 11. a3 Bf5 12. Nxc6 Qxc6 13. Be5 Rfd8 14.
Bf3 Rac8 15. Rc1 Qe6 16. Bd4 a6 17. a4 Qd6 18. a5 e5 19. Bb6 Rd7 20. g3 Qe6 21.
Re1 Bf8 22. Na4 Bg4 23. c3 Rc4 24. b3 Bxf3 25. Qxf3 Rg4 26. b4 Ne4 27. Red1 g5 28. hxg5 Nxg5 29. Qg2 h4 30. c4 dxc4 31. Rxd7 Qxd7 32.
Nc5 Bxc5 33. Bxc5 h3 34. Qh1 e4 35. Bd4 c3 36. Rxc3 Nf3+ 37. Kf1 Qb5+ 0-1

[Event "Early-Titled-Tuesday-Blitz-February-06-2024"]
[Site "Chess.com"]
[Date "2024.02.06"]
[Round "8"]
[White "FMStan15"]
[Black "disciplinedbrat"]
[Result "0-1"]
[WhiteElo "2045"]
[BlackElo "2304"]
[TimeControl "180+1"]
[EndTime "9:28:07 PST"]
[Termination "disciplinedbrat won by resignation"]

1. e4 c5 2. c3 d5 3. e5 Nc6 4. d4 Bf5 5. Bd3 Bxd3 6. Qxd3 e6 7. Ne2 Qb6 8. O-O Nge7 9. Rd1 Nf5 10. a3 c4 11. Qh3 Be7 12. Nf4 O-O-O 13. Nd2 g5 14. Nh5 g4 15. Qxg4 Rhg8 16. Qe2 Ncxd4 17. cxd4 Nxd4 18. Qf1 Bg5 19. Kh1 Rg6 20. f4 Be7 21. Nf3 Nb3 22. Rb1 Rdg8 23. Ng3 h5 24. Nxh5 Rxg2 25.
Qxg2 Rxg2 26. Kxg2 d4 27. Ng3 d3 28. Nd2 Qc6+ 29.
Kf1 Nd4 30. Nde4 Bh4 31. Be3 Bxg3 32. Bxd4 Qxe4 33. hxg3 Qxd4 34. Rd2 Qe3 35. Rg2 d2 36. Rd1 Qf3+ 37. Kg1 Qxd1+ 38. Kh2 Qe1 0-1

[Event "Early-Titled-Tuesday-Blitz-February-06-2024"]
[Site "Chess.com"]
[Date "2024.02.06"]
[Round "8"]
[White "stratacticos"]
[Black "simonachess"]
[Result "0-1"]
[WhiteElo "2042"]
[BlackElo "2314"]
[TimeControl "180+1"]
[EndTime "9:28:07 PST"]
[Termination "simonachess won on time"]

1. b4 Nf6 2. Bb2 g6 3. g3 Bg7 4.
Bg2 d6 5. d4 c6 6. Nf3 Nbd7 7.
O-O O-O 8. c4 Qc7 9. e4 e5 10.
dxe5 dxe5 11. Nc3 Re8 12. a4 Nf8 13. a5 Be6 14. Qe2 Nh5 15. Rfc1 f6 16. Nd5 Qf7 17. Ne3 h6 18. b5 Nd7 19. a6 bxa6 20. Rxa6 Nb8 21.
Rxc6 Nxc6 22. bxc6 Rac8 23. Nd5 Rxc6 24. Ba3 Kh7 25. Nd2 Bf8 26. Bxf8 Rxf8 27. Qf1 Rfc8 28. Bh3 f5 29. exf5 gxf5 30. Qe2 Bxd5 31. Qxe5 Be6 32. c5 Ng7 33. Nf3 Qc7 34. Qf6 Rxc5 35. Rxc5 Qxc5 36. Nh4 Qc1+ 37. Kg2 Bd5+ 38. Nf3 Bxf3+ 0-1

[Event "Early-Titled-Tuesday-Blitz-February-06-2024"]
[Site "Chess.com"]
[Date "2024.02.06"]
[Round "8"]
[White "banhgiahuy2606"]
[Black "adotand"]
[Result "0-1"]
[WhiteElo "2696"]
[BlackElo "2895"]
[TimeControl "180+1"]
[EndTime "9:28:08 PST"]
[Termination "adotand won by resignation"]

1. d4 d5 2. Nf3 e6 3. Bf4 Nf6 4. e3 Bd6 5. Nbd2 c5 6. c3 O-O 7. Bd3 Qc7 8. Be5 Nbd7 9. Bxd6 Qxd6 10. e4 dxe4 11. Nxe4 Nxe4 12. Bxe4 Nf6 13. Bc2 b6 14.
dxc5 Qxc5 15. Qd4 Qc7 16. Qe5 Qe7 17. O-O-O Bb7 18. h4 Rac8 19. Nd4 Rc5 20. Qe3 Qc7 21. f3 b5 22. h5 h6 23. g4 b4 24. cxb4 Rc4 25. Kb1 e5 26. Nb5 Qc6 27. Nd6 Rxb4 28. Nxb7 Qxb7 29. Qxe5 Rb8 30. Bb3 a5 31. g5 Rb5 32. Qd6 Rxg5 33. Rhe1 Qb4 34. Qc7 Rf8 35. Rd8 Qxe1+ 0-1

[Event "Early-Titled-Tuesday-Blitz-February-06-2024"]
[Site "Chess.com"]
[Date "2024.02.06"]
[Round "8"]
[White "flomarechot"]
[Black "Narek_Ghimoyan"]
[Result "0-1"]
[WhiteElo "2305"]
[BlackElo "2424"]
[TimeControl "180+1"]
[EndTime "9:28:08 PST"]
[Termination "Narek_Ghimoyan won on time"]

1. Nf3 Nf6 2. b3 d5 3. Bb2 Bf5 4. e3 c6 5. Be2 Nbd7 6. O-O e6 7.
d4 h6 8. c4 Bd6 9. Nc3 O-O 10. Bd3 Ne4 11. h3 Qe7 12. Qc2 Ndf6 13. Nd2 Nxd2 14. Qxd2 Bxd3 15. Qxd3 Ba3 16. Bxa3 Qxa3 17.
e4 dxe4 18. Nxe4 Nxe4 19. Qxe4 Rad8 20. Rfd1 Rd7 21. d5 Rfd8 22. Rd2 cxd5 23. cxd5 Rxd5 24. Rxd5 Rxd5 25. Qc2 Qe7 26. Rd1 Rxd1+ 27. Qxd1 g6 28. Qd4 a6 29. a4 Qc7 30. f4 h5 31. Kh2 Kh7 32. Kh1 b5 33. axb5 axb5 34. Qf6 Kg8 35. Qd4 Qa5 36. Kh2 Qa3 37. Qd8+ Kg7 38. Qd4+ Kh7 39. Qf6 Qf8 40. g4 hxg4 41. hxg4 Kg8 42. f5 exf5 43. gxf5 Qh6+ 44. Kg2 Qd2+ 45. Kf3 Qd3+ 46.
Kg4 Qxf5+ 47. Qxf5 gxf5+ 48. Kxf5 Kg7 49. b4 f6 50. Ke4 Kg6 51. Kd5 f5 52. Kc5 f4 53.
Kxb5 f3 54. Kc6 f2 55. b5 f1=Q 56. b6 Qa6 57. Kc7 Qc4+ 58. Kb8 Kf7 59. b7 Ke7 60. Ka7 Qa4+ 61. Kb6 Qb4+ 62. Ka7 Qa5+ 63. Kb8 Kd6 0-1

[Event "Early-Titled-Tuesday-Blitz-February-06-2024"]
[Site "Chess.com"]
[Date "2024.02.06"]
[Round "8"]
[White "Ind1anStar"]
[Black "MasterKroket"]
[Result "1-0"]
[WhiteElo "2601"]
[BlackElo "2489"]
[TimeControl "180+1"]
[EndTime "9:28:09 PST"]
[Termination "Ind1anStar won by resignation"]

1. d4 Nf6 2. c4 g6 3. Nc3 Bg7 4. e4 d6 5. Be2 O-O 6. Bg5 Na6 7.
Nf3 e5 8. dxe5 dxe5 9. Qxd8 Rxd8 10. Nd5 Rd6 11. Bxf6 Bxf6 12. O-O-O Bg7 13. c5 Rd7 14. Bxa6 bxa6 15. Kb1 c6 16. Ne3 Kf8 17. Nc4 f6 18. Na5 Ke8 19. Nd2 Bf8 20. Ndb3 Rc7 21. f3 Be6 22.
Rd3 Rd8 23. Rhd1 Rxd3 24. Rxd3 Rd7 25. Kc2 Rxd3 26. Kxd3 Kd7 27. Nc4 Bh6 28. Nba5 Bf8 29. b4 Be7 30. Nb3 Bf8 31. Nbd2 Bg7 32. a3 f5 33. Nf1 g5 34. exf5 Bxf5+ 35. Ke3 Ke6 36.
Nd6 Bc2 37. Nd2 Kd5 38. Ne8 1-0

[Event "Early-Titled-Tuesday-Blitz-February-06-2024"]
[Site "Chess.com"]
[Date "2024.02.06"]
[Round "8"]
[White "Let_it_be_1"]
[Black "VomDingJetztHer"]
[Result "0-1"]
[WhiteElo "2577"]
[BlackElo "2495"]
[TimeControl "180+1"]
[EndTime "9:28:09 PST"]
[Termination "VomDingJetztHer won by resignation"]

1. e4 c6 2. d4 d5 3. Nd2 dxe4 4. Nxe4 Bf5 5. Ng3 Bg6 6. N1e2 Nf6 7. c3 h6 8. Nf4 Bh7 9. Bc4 e6 10. Qf3 Bd6 11.
Nfh5 Nxh5 12. Nxh5 O-O 13. O-O Nd7 14. Re1 Nb6 15.
Bb3 Nd5 16. Bd2 Qh4 17. g3 Qh3 18. c4 Bg6 19. Nxg7 Kxg7 20. cxd5 cxd5 21. Bf4 Bxf4 22. Qxf4 Qf5 23. Qxf5 Bxf5 24. Rac1 Rac8 25. f3 h5 26. Kf2 Kf6 27. Ke3 Ke7 28. Kf4 Kf6 29.
h4 Rg8 30. Rxc8 Rxc8 31. g4 hxg4 32. fxg4 Be4 33. Rf1 Rh8 34. h5 Rg8 35. g5+ Rxg5 36. Rh1 Rf5+ 37. Ke3 Rf3+ 38. Ke2 Rxb3 39. Rf1+ Rf3 40.
Rxf3+ Bxf3+ 41. Kxf3 Kg5 42. h6 Kxh6 43. Kf4 f6 0-1

[Event "Early-Titled-Tuesday-Blitz-February-06-2024"]
[Site "Chess.com"]
[Date "2024.02.06"]
[Round "8"]
[White "AlexeiShirov"]
[Black "JoachimBN"]
[Result "1-0"]
[WhiteElo "2787"]
[BlackElo "2616"]
[TimeControl "180+1"]
[EndTime "9:28:10 PST"]
[Termination "AlexeiShirov won by resignation"]

1. e4 c5 2. Nf3 g6 3. c3 d5 4. e5 Nc6 5. Bb5 Bg4 6. Bxc6+ bxc6 7. d3 Bg7 8. Nbd2 Qb6 9. h3 Bf5 10. Qe2 Qa6 11. c4 Nh6 12. O-O O-O 13. Nb3 dxc4 14.
dxc4 Rad8 15. Nxc5 Qb6 16. Be3 Qc7 17. Rfd1 Bc8 18.
g4 f5 19. g5 Nf7 20. Bf4 e6 21. b4 Rxd1+ 22. Rxd1 Re8 23. h4 Bf8 24. Qe3 Rd8 25. Rxd8 Nxd8 26. Ne1 a5 27. a3 axb4 28. axb4 Nb7 29.
Ned3 Nxc5 30. Nxc5 Qb6 31. Qc3 Bxc5 32. bxc5 Qb1+ 33.
Kh2 Qe4 34. Qd2 Ba6 35. Qd8+ Kf7 36. Qf6+ Kg8 37. Qxe6+ Kg7 38. Qd7+ Kg8 39. Qd8+ Kg7 40. Qc7+ Kg8 41. Qb8+ Kf7 42. e6+ Qxe6 43. Qa7+ Qe7 44. Qxa6 Qe4 45. Qb7+ Ke6 46. Qc8+ Kf7 47. Qd7+ Kg8 48.
Qd8+ Kf7 49. Qf6+ Kg8 50. Qe5 Qf3 51. Qe8+ 1-0

[Event "Early-Titled-Tuesday-Blitz-February-06-2024"]
[Site "Chess.com"]
[Date "2024.02.06"]
[Round "8"]
[White "Nuvas"]
[Black "Nouali_Mohamed"]
[Result "1-0"]
[WhiteElo "2779"]
[BlackElo "2562"]
[TimeControl "180+1"]
[EndTime "9:28:10 PST"]
[Termination "Nuvas won on time"]

1. d4 d5 2. c4 e6 3. Nc3 Nf6 4.
cxd5 exd5 5. Bg5 Be7 6. e3 O-O 7. Bd3 c6 8. Nf3 Nbd7 9. h3 Re8 10. Bf4 Nf8 11. Qc2 Ne6 12. Bh2 g6 13. Ne5 Ng7 14. g4 Bd6 15. O-O-O Qc7 16. Kb1 Nd7 17. Nb5 cxb5 18.
Qxc7 Bxc7 19. Nxd7 Bxd7 20. Bxc7 Ne6 21. Be5 Ng5 22. f4 Ne4 23. Bxe4 dxe4 24. Bf6 Rac8 25. d5 b4 26. g5 Bb5 27. d6 Bd7 28. h4 Rc6 29. h5 a5 30. b3 Re6 31. Be5 Rxe5 32. fxe5 Rc5 33. hxg6 hxg6 34. Rc1 Rxe5 35. Rc7 Bb5 36. d7 1-0

[Event "Early-Titled-Tuesday-Blitz-February-06-2024"]
[Site "Chess.com"]
[Date "2024.02.06"]
[Round "8"]
[White "zsoltkorpics"]
[Black "CristianS27"]
[Result "1-0"]
[WhiteElo "2483"]
[BlackElo "2564"]
[TimeControl "180+1"]
[EndTime "9:28:10 PST"]
[Termination "zsoltkorpics won by resignation"]

1. e4 e5 2. Nf3 Nc6 3. Bb5 a6 4. Ba4 Nf6 5. O-O Nxe4 6. d4 b5 7. Bb3 d5 8. dxe5 Be6 9. Nbd2 Nc5 10. c3 d4 11. Bc2 dxc3 12. bxc3 Nd3 13. Ne4 Nxc1 14.
Qxc1 Be7 15. Rd1 Qc8 16. Qf4 O-O 17. Neg5 h6 18. Nxe6 Qxe6 19. Bf5 Bg5 20. Qe4 Qc4 21. Qxc4 bxc4 22. Be4 Ne7 23. Bxa8 Rxa8 24. Rd4 Nf5 25. Rxc4 Bd8 26. Nd4 Nh4 27. Nc6 Ng6 28. f4 f6 29. e6 f5 30. Re1 Bf6 31. Nd4 Nxf4 32. Nxf5 Nd5 33. Rc5 Nxc3 34. Rxc7 Re8 35. Nd6 Bd4+ 36.
Kh1 Bf2 37. Nxe8 Bxe1 38. Nd6 Nd5 39. Rc8+ Kh7 40. Nf5 Bb4 41. Rd8 Kg6 42. Rxd5 1-0

[Event "Early-Titled-Tuesday-Blitz-February-06-2024"]
[Site "Chess.com"]
[Date "2024.02.06"]
[Round "8"]
[White "TokChess"]
[Black "NovakRatko"]
[Result "1-0"]
[WhiteElo "2575"]
[BlackElo "2411"]
[TimeControl "180+1"]
[EndTime "9:28:10 PST"]
[Termination "TokChess won by checkmate"]

1. e4 d5 2. exd5 c6 3. Nc3 cxd5 4. d4 Nc6 5. h3 f6 6. Nf3 Bf5 7. Bb5 a6 8. Ba4 g5 9. O-O e6 10. Re1 Qd7 11. Ne2 Bd6 12. Bb3 Nge7 13. c4 O-O 14. Nc3 dxc4 15. Bxc4 b5 16. Bb3 Na5 17. Bc2 Rad8 18.
Ne4 Bb4 19. Bd2 Bxd2 20. Qxd2 Nb7 21. a4 Bxe4 22. Rxe4 Nd6 23. Ree1 Nc4 24. Qe2 Nxb2 25. axb5 axb5 26. Ra6 Nc4 27. Rxe6 Nd5 28. Qe4 Na3 29. Bd3 Rf7 30. Qf5 Kg7 31. h4 Nf4 32. Qxh7+ Kf8 33. Qh8# 1-0

[Event "Early-Titled-Tuesday-Blitz-February-06-2024"]
[Site "Chess.com"]
[Date "2024.02.06"]
[Round "8"]
[White "shimastream"]
[Black "gmcorrales"]
[Result "0-1"]
[WhiteElo "3008"]
[BlackElo "2879"]
[TimeControl "180+1"]
[EndTime "9:28:11 PST"]
[Termination "gmcorrales won on time"]

1. e4 c5 2. d4 cxd4 3. Qxd4 Nc6 4. Qd3 g6 5. Nc3 Bg7 6. Nf3 d6 7. Be2 Nf6 8. O-O O-O 9. Nd5 Nd7 10. c3 Nde5 11.
Nxe5 Nxe5 12. Qg3 e6 13. Nf4 Qb6 14. Qe3 Qxe3 15. Bxe3 b6 16. Rfd1 Bb7 17. f3 Rfd8 18. a4 Nc6 19. Kf2 Kf8 20. g4 h6 21. h4 Ke7 22. Bc4 Bf6 23. Ng2 g5 24. hxg5 hxg5 25. Ba2 Rh8 26. Rh1 Ne5 27. Rxh8 Rxh8 28. Bb1 Ba6 29. Bc2 Bd3 30. Bb3 a5 31. Rg1 Rb8 32. Ra1 b5 33. Bc1 b4 34. cxb4 Rxb4 35. Bd1 Nc4 36. Ne3 Bd4 37. Ra2 Nxb2 38. Bxb2 Rxb2+ 39. Rxb2 Bxb2 40. Be2 Bb1 41. Nc4 Bd4+ 42. Ke1 Bc2 43. Kd2 Bxa4 44. Nxa5 Kf6 45. Nc4 Bc5 46. Ne3 Ke5 47.
Ng2 d5 48. exd5 exd5 49. Bd1 Bb4+ 50. Ke2 Bb5+ 51. Kf2 Bc5+ 52. Ke1 d4 53. Kd2 Bb4+ 54. Kc2 d3+ 55. Kb3 Bd2 56. Kb2 Kd4 57.
Kb3 f6 58. Kb2 Bc4 59. Kb1 Kc3 60. f4 Bxf4 61. Ne1 Kd2 0-1

[Event "Early-Titled-Tuesday-Blitz-February-06-2024"]
[Site "Chess.com"]
[Date "2024.02.06"]
[Round "8"]
[White "Herman-NY"]
[Black "BardArtem"]
[Result "0-1"]
[WhiteElo "2536"]
[BlackElo "2774"]
[TimeControl "180+1"]
[EndTime "9:28:11 PST"]
[Termination "BardArtem won on time"]

1. e4 c5 2. Nf3 d6 3. d4 cxd4 4. Nxd4 Nf6 5. Nc3 g6 6. Be3 Nc6 7. f3 h5 8. Nb3 Bg7 9. Qd2 a6 10. O-O-O O-O 11. Kb1 b5 12. h3 Be6 13. g4 h4 14. Bg5 Ne5 15. Be2 Rc8 16. Qe1 Bc4 17. Nd4 Bxe2 18. Ncxe2 Nc4 19. Qxh4 Qa5 20. Qe1 Qb6 21. h4 e5 22. Nb3 Nh7 23. Bc1 a5 24. Rd3 d5 25. Rxd5 a4 26. Na1 a3 27. b3 Ne3 28. Rd2 Rfd8 29. Rxd8+ Rxd8 30. Qc3 Nd1 31. Qb4 Bf8 32. Qe1 Ne3 33. h5 g5 34. Bxe3 Qxe3 35.
c3 Qxf3 36. Nc2 Qxe4 37. Ng3 Qxg4 38. Ne4 f5 39. Nf2 Qf3 40. Rh3 Qg2 41. Ne3 Qc6 42.
Nxf5 Bc5 43. h6 Bxf2 44. Qxe5 Qg6 0-1

[Event "Early-Titled-Tuesday-Blitz-February-06-2024"]
[Site "Chess.com"]
[Date "2024.02.06"]
[Round "8"]
[White "Leonid_Starozhilov"]
[Black "guillembaches"]
[Result "1-0"]
[WhiteElo "2726"]
[BlackElo "2569"]
[TimeControl "180+1"]
[EndTime "9:28:11 PST"]
[Termination "Leonid_Starozhilov won on time"]

1. e4 c5 2. Nf3 d6 3. Bb5+ Bd7 4.
c4 Nf6 5. Nc3 g6 6. O-O Bg7 7.
d4 cxd4 8. Nxd4 O-O 9. h3 a6 10.
Bxd7 Nfxd7 11. Be3 Nc6 12. b3 Nc5 13. Rc1 Ne6 14. Nde2 Qa5 15. a4 Rfc8 16. Nd5 Nc5 17. b4 Nxb4 18. Nxe7+ Kh8 19. Nxc8 Rxc8 20. Qxd6 Nbd3 21.
Rcd1 Rd8 22. Qe7 Rc8 23. Qxf7 Qxa4 24. Bd4 Bxd4 25. Nxd4 Qe8 26. Qf6+ Kg8 27. Nb3 Nxe4 28.
Qf3 Nb2 29. Rde1 Rxc4 30. Nd2 1-0

[Event "Early-Titled-Tuesday-Blitz-February-06-2024"]
[Site "Chess.com"]
[Date "2024.02.06"]
[Round "8"]
[White "mertfelin"]
[Black "Nick12772"]
[Result "1-0"]
[WhiteElo "2286"]
[BlackElo "2381"]
[TimeControl "180+1"]
[EndTime "9:28:11 PST"]
[Termination "mertfelin won by resignation"]

1. e4 e6 2. d4 d5 3. Nd2 Nf6 4. e5 Nfd7 5. Bd3 c5 6. c3 Nc6 7. Ne2 cxd4 8. cxd4 f6 9. exf6 Nxf6 10. O-O Bd6 11. Nf3 Qc7 12. h3 O-O 13. Be3 Bd7 14.
Nc3 a6 15. Re1 h6 16. Rc1 Qb6 17. Ne5 Rac8 18. Nxd7 Nxd7 19. Qg4 Rf6 20. Nxd5 exd5 21.
Qxd7 Rd8 22. Qg4 Qxb2 23. Rb1 Qc3 24. Red1 Nb4 25. Rbc1 Qa3 26. Bb1 Nc6 27. Qh5 Ne7 28.
Re1 Bb8 29. g4 Qd6 30. g5 Qh2+ 31. Kf1 hxg5 32. Bh7+ Kf8 33. Ke2 Nf5 34. Bxf5 Rxf5 35. Qh8+ Ke7 36. Qxg7+ Kd6 37. Qg6+ Ke7 38. Qxf5 1-0

[Event "Early-Titled-Tuesday-Blitz-February-06-2024"]
[Site "Chess.com"]
[Date "2024.02.06"]
[Round "8"]
[White "SujanaLohani"]
[Black "maurovargas01"]
[Result "1-0"]
[WhiteElo "2004"]
[BlackElo "1882"]
[TimeControl "180+1"]
[EndTime "9:28:12 PST"]
[Termination "SujanaLohani won on time"]

1. d4 d5 2. Nf3 Bg4 3. c4 e6 4. Ne5 Bf5 5. e3 f6 6. Nf3 c6 7. Nc3 Bd6 8. Qb3 Qc8 9. cxd5 exd5 10. Be2 Nd7 11. Bd2 Ne7 12. Rc1 O-O 13. h3 Be6 14.
Ne4 Bc7 15. Bb4 Re8 16. Nd6 Bxd6 17. Bxd6 Nf5 18. Bb4 Bf7 19. O-O Qd8 20. Bd3 Bg6 21. Rfe1 Re6 22. Bd2 b5 23. Rxc6 Rxc6 24. Qxd5+ Kh8 25.
Qxc6 a6 26. Qc2 Rc8 27. Qb1 Ne7 28. Bxg6 Nxg6 29. Rc1 Nb6 30. b3 Nd5 31. Qf5 Rxc1+ 32. Bxc1 Nb4 33. a3 Nd3 34. Bd2 1-0

[Event "Early-Titled-Tuesday-Blitz-February-06-2024"]
[Site "Chess.com"]
[Date "2024.02.06"]
[Round "8"]
[White "GMRAVEN_ON_YOUTUBE"]
[Black "KbzasDavid16"]
[Result "1-0"]
[WhiteElo "2770"]
[BlackElo "2555"]
[TimeControl "180+1"]
[EndTime "9:28:14 PST"]
[Termination "GMRAVEN_ON_YOUTUBE won by resignation"]

1. f4 d5 2. Nf3 g6 3. e3 Bg7 4. c4 c6 5. Nc3 Nf6 6. d4 O-O 7. Be2 Bf5 8. O-O Nbd7 9. Qb3 dxc4 10. Qxb7 c5 11. d5 Nb6 12. Rd1 Ne4 13. Ne5 Nd6 14.
Qa6 Qc8 15. Qxc8 Rfxc8 16. a4 a5 17. Nc6 Kf8 18. Bf3 Bd3 19. Kf2 Bxc3 20. bxc3 Bc2 21. Re1 Bxa4 22. e4 Bxc6 23. dxc6 a4 24. e5 Nb5 25.
Rb1 Ra5 26. Be3 a3 27. Bxc5 Na4 28. Bb4 Ra6 29. Rbc1 Nb2 30. Bd5 Nd3+ 31. Ke3 a2 32.
Bxc4 Nxc1 33. Rxc1 a1=Q 34. Rxa1 Rxa1 35. Bxb5 Rc7 36.
Kd4 Ke8 37. Kc5 Kd8 38. Kb6 Kc8 39. Bc4 e6 40. g4 Rca7 41. h4 Ra8 42. c7 R8a7 43. Bd6 Rb7+ 44. Kc6 Rc1 45. Ba6 Rxc3+ 46. Bc5 Rxc5+ 47. Kxc5 Kxc7 48. Bxb7 Kxb7 49. Kd6 h5 50.
gxh5 gxh5 51. Ke7 Kc6 52. Kxf7 Kd5 53. Kf6 Ke4 54. Kxe6 Kxf4 55. Kf6 Kg4 56. e6 Kxh4 57. e7 Kg3 58. e8=Q h4 59. Qe3+ Kg2 60. Qg5+ Kh3 61.
Kf5 1-0

[Event "Early-Titled-Tuesday-Blitz-February-06-2024"]
[Site "Chess.com"]
[Date "2024.02.06"]
[Round "8"]
[White "Muracle"]
[Black "Arlo2024"]
[Result "0-1"]
[WhiteElo "2470"]
[BlackElo "2315"]
[TimeControl "180+1"]
[EndTime "9:28:14 PST"]
[Termination "Arlo2024 won by checkmate"]

1. Nf3 Nf6 2. b3 g6 3. Bb2 Bg7 4. g3 b6 5. Bg2 Bb7 6. O-O O-O 7. d3 c5 8. Nbd2 d6 9. c4 Nbd7 10. e3 a6 11. a3 b5 12. Qc2 Qb6 13. Rfe1 Rfc8 14.
e4 Ne8 15. Bxg7 Nxg7 16. Nf1 e5 17. Ne3 Ne6 18. Reb1 Nb8 19. Qd2 Nc6 20. Nd5 Qd8 21. Bh3 Ncd4 22. Nxd4 Nxd4 23. Qh6 Rcb8 24. Ne3 Qf6 25.
Ng4 Qg7 26. Qe3 h5 27. Nxe5 dxe5 28. Ra2 Bc8 29. Bxc8 Rxc8 30. f4 Re8 31. Rf2 f5 32.
fxe5 Qxe5 33. Qg5 Kg7 34. Rbf1 Rf8 35. h3 Rae8 36. g4 Qg3+ 37. Rg2 Ne2+ 38. Kh1 Qxh3+ 39. Rh2 Qxf1# 0-1